Zazza, neutral female human Tourist # --------- ----- --------- |[.??=*)| ##-...| #........| # ------ |)=.**[%| # |...| ###|.......| --+-- ##-....| |+)[./)?| ### |...| # |.......| #+...| # |....| |/*)@f!!| # |...-###### |.......| #|...|### |....-# |(??.%)!| # |...| |.......| #|...|# ------# |.@.....| -----------# |....# |.......-####|...|# # --|------ |......<..|# -----# ---+---.- ##|>...# # # |..........# # # ## ##-...| # # |.........| # # #----- # # |.........| # ### # # # ----------- # # # ########### # # #### #-|------.-- # -------.---- #|.........| ##+..........| #|.........| |..........| #|.........| |..........| #..........| ------------ ----------- Zazza the Rambler Experience level: 1 Strength: 12 Dexterity: 9 Constitution: 16 Intelligence: 16 Wisdom: 7 Charisma: 14 Health: 10(10) Energy: 2(2) Def: 0 Gold: 0 Moves: 355 Dungeon seed: laV3IJP_vaVSBlTS Game ID: Zazza_1618652796 Your Inventory: Weapons a - 38 +2 darts (in quiver) r - 8 +0 crossbow bolts Armor e - an uncursed +0 Hawaiian shirt (being worn) y - a cursed -1 pair of gauntlets of fumbling (being worn) Comestibles b - 2 uncursed tripe rations c - 2 uncursed slime molds d - an uncursed lembas wafer f - an uncursed tin of newt meat g - an uncursed apple h - an uncursed cram ration i - an uncursed egg j - 2 uncursed food rations p - an uncursed lichen corpse Scrolls l - 2 blessed scrolls of magic mapping Potions k - 2 uncursed potions of extra healing Tools n - an expensive camera (0:80) o - an uncursed credit card q - an expensive camera (0:91) Spells and supernatural/magical abilities: Name Level Category Fail Memory W - pray for help -- divine ? -- Your skills at the end: Fighting Skills Weapon Skills dart [Basic] Spellcasting Skills Final Attributes: You were nominally aligned. You fumbled. You survived. Vanquished creatures: a jackal a fox a sewer rat 4 lichens 2 newts 9 creatures vanquished. Voluntary challenges: You went without food. You never hit with a wielded weapon. You read items or engraved 3 times, starting on turn 18. You never genocided any monsters. You never polymorphed an object. You never changed form. You used no wishes. You never split a pudding. You never wrote Elbereth's name. You never violated your personal moral code. Dungeon overview: The Dungeons of Doom: levels 1 to 3 Level 1 an altar to Blind Io a long staircase Level 2 a sink stairs to The Gnomish Mines Level 3 <- You were here a general store The Gnomish Mines: Level 3 stairs to The Dungeons of Doom History has recorded: On T:1 you entered the Dungeons of Doom to retrieve the Amulet of Yendor! On T:62 you reached level 2 of The Dungeons of Doom. On T:134 you reached level 1 of The Gnomish Mines. On T:205 you reached level 3 of The Dungeons of Doom. Score breakdown: Gold: 0 ( 0 points) Experience: 1 level ( 0 points) Exploration: 3 levels ( 5.66%) ( 5883 points) Discoveries: 0 items ( 0.00%) ( 0 points) Valuables value: (no points given unless you survive) Artifact value: 0 ( 0 points) Variety of kills: 5 monsters ( 1.31%) ( 3436 points) Turncount: 355 turns ( 0 points) Survival: quit (score multiplied by 90%) Total score: 8387 Latest messages: The door resists! Armand picks up a ring. Armand drops a ring. Armand eats an egg. (2x) Armand eats a tripe ration. You see here a food ration (60 zorkmids). You see here a pair of old gloves (66 zorkmids). Armand picks up a potion. "For you, esteemed lady; only 66 for this pair of old gloves." y - a pair of old gloves (unpaid, 66 zorkmids). You start equipping Sipaliwini's pair of old gloves. Armand drops a potion. You are now wearing a pair of old gloves. Oops! That feels deathly cold. You stop. Armand is in the way! You see here a food ration (60 zorkmids). There are a few objects here. You trip over a cloudy potion. You make a lot of noise! Sipaliwini comes and takes all your possessions. Final status: Aloha Zazza the Tourist, quit... You quit in The Dungeons of Doom on dungeon level 3 with 8387 points, and 0 pieces of gold, after 355 moves. You were level 1 with a maximum of 10 hit points when you quit.